 Dungeon Sprint DCSS version 0.27.1-34-g3ba077fa99 (webtiles) character file.

Game seed: 15490812552010013887

0 boopmooplesden the Shield-Bearer (level 1, 0/20 HPs)
             Began as a Minotaur Fighter on Jan 1, 2022.
             Was an Initiate of Okawaru.
             Slain by a scorpion (7 damage)
             ... in the Dungeon (Sprint VI: "Thunderdome").
             The game lasted 00:00:45 (104 turns).

boopmooplesden the Shield-Bearer (Minotaur Fighter)  Turns: 104, Time: 00:00:45

Health: 0/20       AC:  8    Str: 25    XL:     1   Next: 33%
Magic:  9/9        EV: 11    Int:  5    God:    Okawaru [......]
Gold:   11         SH:  9    Dex:  7    Spells: 0/0 levels left

rFire    . . .     SeeInvis .   a - +0 long sword
rCold    + + .     Faith    +   c - +0 kite shield
rNeg     + + +     Spirit   .   b - +0 scale mail
rPois    .         Reflect  .   (helmet restricted)
rElec    .         Harm     .   (no cloak)
rCorr    +         Rampage  .   r - +0 pair of gloves
Will     .....     NoTele   +   (no boots)
Stlth    ..........             o - amulet "Jonin" {Faith rC++ rN++ Dex-4}
HPRegen  0.06/turn              p - ring "Neax" {rN+ rCorr EV+4 Dex+2}
MPRegen  0.11/turn              q - ring of Xom's Sleight of Hands {MP+9 Str+5}

@: lethally poisoned (0 -> -5)
A: horns 2, retaliatory headbutt
a: Renounce Religion


You were in the Dungeon.
You worshipped Okawaru.
Okawaru was noncommittal.
You visited 1 branch You collected 200 gold pieces.
You spent 189 gold pieces at shops.

Inventory:

Hand Weapons
 a - a +0 long sword (weapon)
Armour
 b - a +0 scale mail (worn)
 c - a +0 kite shield (worn)
 r - a +0 pair of gloves (worn)
Jewellery
 o - the amulet "Jonin" (around neck) {Faith rC++ rN++ Dex-4}
   (You bought it in a shop in the Dungeon)

   [amulet of faith]

   It allows you to gain divine favour quickly.
   Dex:       It affects your dexterity (-4).
   rC:        It greatly protects you from cold.
   rN:        It greatly protects you from negative energy.
 p - the ring "Neax" (left hand) {rN+ rCorr EV+4 Dex+2}
   (You bought it in a shop in the Dungeon)

   [ring of evasion]

   EV:        It affects your evasion (+4).
   Dex:       It affects your dexterity (+2).
   rN:        It protects you from negative energy.
   rCorr:     It protects you from acid and corrosion.
 q - the ring of Xom's Sleight of Hands (right hand) {MP+9 Str+5}
   (You bought it in a shop in the Dungeon)

   [ring of magical power]

   Str:       It affects your strength (+5).
   MP:        It affects your magic capacity (+9).
Wands
 l - a wand of acid (5)
 m - a wand of iceblast (5)
Scrolls
 j - 4 scrolls of blinking
 n - 3 scrolls of fog
Potions
 d - a potion of might
 e - a potion of curing
 f - 4 potions of heal wounds
 g - 4 potions of haste
 h - 2 potions of magic
 i - a potion of berserk rage
 k - a potion of resistance


   Skills:
 + Level 4.1 Fighting
 + Level 2.5 Long Blades
 + Level 4.1 Armour
 + Level 4.1 Shields


You couldn't memorise any spells.
You didn't know any spells.
Your spell library was empty.

Dungeon Overview and Level Annotations

Branches:
Dungeon (1/1)

Altars:
Cheibriados
Dithmenos
Fedhas
Gozag
Kikubaaqudgha
Makhleb
Okawaru
Qazlal
Ru
Sif Muna
Trog
Uskayaw
Vehumet
Wu Jian
Xom
Yredelemnul
Zin
The Shining One
Beogh
Jiyva
Lugonu

Shops:
D *[??*?*:[((!!!!


Innate Abilities, Weirdness & Mutations

You have a pair of horns on your head.
You reflexively headbutt those who attack you in melee.


Message History

Found Qitel's Staff Store.
Found three altars.
Found an ornate altar of the Wu Jian Council.
Found a shimmering blue altar of Sif Muna.
Found Quwieqed's Distillery and Quvao's Do-It-Yourself Clinic.
Found three altars.
Found Qothricuz's Distillery and Vieloowa's Bottled Wisdom.
Found an opulent altar of Gozag.
Found a glowing silver altar of Zin.
Found a hide-covered altar of Uskayaw.
Found Koqakiot's Weapon Rack and Wolukope's Premium Goods.
Found an iron altar of Okawaru and a bloodstained altar of Trog.
Found Ycyq's Basic Armour and Zetetuh's Miscellaneous Merchandise.
There is an iron altar of Okawaru here.
You kneel at the altar of Okawaru.
Okawaru welcomes you!
Your amulet flashes!
There is an entrance to Ycyq's Basic Armour here.
r - a +0 pair of gloves Thank you for shopping at Ycyq's Basic Armour!
You start putting on your armour.
You continue putting on your +0 pair of gloves. x4
You finish putting on your +0 pair of gloves.
You start resting. 50...
A scorpion comes into view.
The scorpion stings you.
You are poisoned.
The scorpion poisons you! The scorpion barely misses you.
You barely miss the scorpion.
You feel very sick.
The scorpion stings you but does no damage.
You hit the scorpion but do no damage.
You feel very sick.
The scorpion stings you but does no damage. x2
Your shield prevents you from hitting the scorpion.
You headbutt the scorpion.
The scorpion is lightly wounded.
You feel very sick. You block the scorpion's attack. The scorpion stings you!
You die...

#⌠...........⌠#
######.8.........8.##
##.___.†....###......_
###∩†.......8.# #.8.....
##.............###.......
#⌠..........###...###....
#⌠..........# #.<.# #....
#⌠.....s....###...###....
##......@......###.......
###∩........8.# #.8.....
##∩_._......###......_
######.8.........8.##
#⌠...........⌠#
###.........###
#_......._# #........_#
#_......._#


You could see a scorpion.

Vanquished Creatures
  2 giant cockroaches (D)
2 creatures vanquished.

Notes
Turn   | Place    | Note
-------+----------+-------------------------------------------
     0 | D        | boopmooplesden the Minotaur Fighter began the quest for the
                  | Orb.
     0 | D        | Reached XP level 1. HP: 19/19 MP: 0/0
     3 | D        | Found a shimmering altar of Xom.
     4 | D        | Found a snail-covered altar of Cheibriados.
     4 | D        | Found a sacrificial altar of Ru.
     5 | D        | Found a radiant altar of Vehumet.
     5 | D        | Found a burning altar of Makhleb.
     5 | D        | Round 1.
     6 | D        | Found a viscous altar of Jiyva.
     6 | D        | Found Qiosassun's Identification Station.
     7 | D        | Found Bionnare's Jewellery.
     7 | D        | Found Kosuwuvve's Advanced Armour.
    17 | D        | Bought a fine emerald amulet for 45 gold pieces
    17 | D        | Identified the amulet "Jonin" {Faith rC++ rN++ Dex-4} (You
                  | bought it in a shop in the Dungeon)
    17 | D        | Bought a twitching brass ring for 45 gold pieces
    17 | D        | Identified the ring "Neax" {rN+ rCorr EV+4 Dex+2} (You
                  | bought it in a shop in the Dungeon)
    17 | D        | Bought a smoking steel ring for 45 gold pieces
    17 | D        | Identified the ring of Xom's Sleight of Hands {MP+9 Str+5}
                  | (You bought it in a shop in the Dungeon)
    38 | D        | Found a shadowy altar of Dithmenos.
    42 | D        | Found Heklau Kalo's Magic Scroll Shop.
    42 | D        | Found Aquocw's Magic Scroll Shop.
    43 | D        | Found Beebu's Must-Have Magic.
    44 | D        | Found a basalt altar of Yredelemnul.
    44 | D        | Found a corrupted altar of Lugonu.
    44 | D        | Found a stormy altar of Qazlal.
    44 | D        | Found Qitel's Staff Store.
    48 | D        | Found an ornate altar of the Wu Jian Council.
    50 | D        | Found a shimmering blue altar of Sif Muna.
    51 | D        | Found Quwieqed's Distillery.
    51 | D        | Found a blossoming altar of Fedhas.
    51 | D        | Found a glowing golden altar of the Shining One.
    51 | D        | Found an ancient bone altar of Kikubaaqudgha.
    51 | D        | Found Quvao's Do-It-Yourself Clinic.
    52 | D        | Found Qothricuz's Distillery.
    52 | D        | Found Vieloowa's Bottled Wisdom.
    55 | D        | Found an opulent altar of Gozag.
    56 | D        | Found a glowing silver altar of Zin.
    57 | D        | Found a hide-covered altar of Uskayaw.
    58 | D        | Found an iron altar of Okawaru.
    58 | D        | Found a bloodstained altar of Trog.
    58 | D        | Found Koqakiot's Weapon Rack.
    58 | D        | Found Wolukope's Premium Goods.
    59 | D        | Found Ycyq's Basic Armour.
    59 | D        | Found Zetetuh's Miscellaneous Merchandise.
    66 | D        | Became a worshipper of Warmaster Okawaru
    74 | D        | Bought a +0 pair of gloves for 54 gold pieces
    98 | D        | Noticed a scorpion
   104 | D        | Slain by a scorpion

Illustrated notes

Levels and vault maps discovered:
D:        arena_sprint

Skill      XL: |  1 |
---------------+----+-----
Fighting       | 4 |  4.1
Armour         | 4 |  4.1
Shields        | 4 |  4.1
Long Blades    | |  2.5

Action                   || total
-------------------------++-------
Melee: Long sword        ||     6
       Headbutt          ||     2
Armor: Scale mail        ||     5
Dodge: Dodged            ||     1
Block: Kite shield       ||     1
